 Dungeon Crawl Stone Soup version 0.29.1-1-gd02db6906a (webtiles) character file.

Game seed: 4235126646772225022

315 H0rd4k the Shooter (level 6, -1/44 HPs)
             Began as a Human Artificer on Sept 27, 2022.
             Succumbed to a scorpion's poison
             ... on level 4 of the Dungeon.
             The game lasted 00:03:46 (3433 turns).

H0rd4k the Shooter (Human Artificer)                Turns: 3433, Time: 00:03:46

Health: -1/44      AC:  7    Str: 12    XL:     6   Next: 72%
Magic:  6/6        EV: 10    Int: 13    God:
Gold:   198        SH:  0    Dex: 14    Spells: 5/5 levels left

rFire   + . .      SeeInvis .   g - +4 sling
rCold   + . .      Faith    .   (no shield)
rNeg    . . .      Spirit   .   x - +1 ring mail of Geckaoq {rElec}
rPois   +          Reflect  .   (no helmet)
rElec   +          Harm     .   z - +0 cloak
rCorr   +          Rampage  .   (no gloves)
Will    .....                   (no boots)
Stlth   +.........              (no amulet)
HPRegen 0.14/turn               (no ring)
MPRegen 0.10/turn               (no ring)

@: lethally poisoned (-1 -> -7), resistant, hasted, invisible, very quick
A: no striking features
a: no special abilities


You were on level 4 of the Dungeon.
You visited 1 branch of the dungeon, and saw 4 of its levels.

You collected 198 gold pieces.

Inventory:

Hand Weapons
 g - a +4 sling (weapon)
Missiles
 b - 6 poisoned darts
 h - a throwing net
Armour
 x - the +1 ring mail of Geckaoq (worn) {rElec}
   (You found it on level 2 of the Dungeon)

   rElec:     It insulates you from electricity.
 z - a +0 cloak (worn)
Jewellery
 w - a ring of positive energy
Wands
 c - a wand of flame (15)
 d - a wand of charming (8)
 e - a wand of iceblast (5)
Scrolls
 a - a scroll of immolation {unknown}
 i - a scroll of enchant weapon {unknown}
 k - a scroll of teleportation {unknown}
 o - a scroll of blinking {unknown}
 p - 3 scrolls of identify {unknown}
 q - 2 scrolls of magic mapping {unknown}
 t - 2 scrolls of enchant armour {unknown}
 v - 2 scrolls of fear {unknown}
 y - a scroll of noise {unknown}
Potions
 f - a potion of haste
 j - 2 potions of invisibility
 l - a potion of degeneration {unknown}
 m - a potion of mutation {unknown}
 n - 2 potions of resistance
 r - 2 potions of heal wounds {unknown}
 s - a potion of magic {unknown}
 u - 3 potions of curing {unknown}


   Skills:
 + Level 2.2 Fighting
 * Level 5.7 Ranged Weapons
 - Level 2.0 Armour
 + Level 1.1 Dodging
 - Level 1.0 Stealth
 * Level 0.2 Spellcasting
 - Level 3.0 Evocations


You had 5 spell levels left.
You didn't know any spells.
Your spell library was empty.

Dungeon Overview and Level Annotations

Branches:
Dungeon (4/15)
 Temple: D:4-7

Altars:


Message History

Unknown command.
Saving game... please wait.
Welcome back, H0rd4k the Human Artificer.
Press ? for a list of commands and other information.
Unknown command.
Aiming: Charm
Press: ? - help, Shift-Dir - straight line, f - scorpion
Aim: a scorpion (heavily wounded, chance to affect: 56%)
The scorpion is charmed.
* * * LOW HITPOINT WARNING * * *
You feel very sick.
Unknown command.
Aiming: Charm
Press: ? - help, Shift-Dir - straight line, f - you, p - scorpion That would be overly suicidal.
Okay, then.
Unknown command.
Unknown command.
* * * LOW HITPOINT WARNING * * *
You feel very sick. What are your orders? t - Shout!
Orders for allies: a - Attack new target. r - Retreat! s - Stop attacking. g - Guard the area. f - Follow me.
Anything else - Cancel.
Guard this area!
* * * LOW HITPOINT WARNING * * *
You feel sick.
It was a potion of resistance.
You feel protected.
* * * LOW HITPOINT WARNING * * *
You feel very sick.
An adder comes into view.
It was a potion of invisibility.
You fade into invisibility!
* * * LOW HITPOINT WARNING * * *
You feel sick.
It was a potion of haste.
You feel yourself speed up.
You die...

#...........?....#
###########.###### #...#
###.## #..## #####
##...#######. ...##.$.##
##............
#.......###......>##...
##...#s@......>....... .
.........###.......##....
....#...## #.......# .#
... #.### #.#...#.##..#.
.. ... #.##.##....... .
#S.# #.##.....#.... #..#
#.#####..# ##. ..# #.#
#..# #.. ...#


You could see an adder (unable to see you, ally target) and a friendly scorpion
(charmed).

Vanquished Creatures
  A necrophage (D:4)
  An iguana (D:4)
  An orc wizard (D:3)
  4 adders
  3 worms
  4 dart slugs
  7 orcs
  A ball python (D:1)
  5 bats
  8 endoplasms
  2 giant cockroaches
  3 goblins
  7 hobgoblins
  2 quokkas
  3 frilled lizards
  11 kobolds
  2 rats
65 creatures vanquished.

Vanquished Creatures (collateral kills)
  An ogre (D:4)
1 creature vanquished.

Vanquished Creatures (others)
  An iguana (D:3)
1 creature vanquished.

Grand Total: 67 creatures vanquished

Notes
Turn   | Place    | Note
-------+----------+-------------------------------------------
     0 | D:1      | H0rd4k the Human Artificer began the quest for the Orb.
     0 | D:1      | Reached XP level 1. HP: 15/15 MP: 1/1
   139 | D:1      | Reached skill level 1 in Ranged Weapons
   139 | D:1      | Reached XP level 2. HP: 11/21 MP: 2/2
   668 | D:1      | Found a faded altar of an unknown god.
   828 | D:2      | Reached skill level 2 in Ranged Weapons
  1016 | D:2      | Reached XP level 3. HP: 15/26 MP: 3/3
  1429 | D:2      | Reached XP level 4. HP: 33/33 MP: 4/4
  1496 | D:2      | Identified the +1 ring mail of Geckaoq {rElec}
  1531 | D:2      | Reached skill level 3 in Ranged Weapons
  2134 | D:3      | Reached XP level 5. HP: 18/38 MP: 5/5
  2628 | D:3      | Reached skill level 4 in Ranged Weapons
  3197 | D:4      | Reached skill level 5 in Ranged Weapons
  3197 | D:4      | Reached XP level 6. HP: 39/44 MP: 6/6
  3278 | D:4      | Noticed an ogre
  3336 | D:4      | Killed an ogre
  3431 | D:4      | HP: 2/44 [poisoned by a scorpion]
  3433 | D:4      | Succumbed to a scorpion's poison

Illustrated notes

Levels and vault maps discovered:
D:1:      dpeg_arrival_simpleton_b, layout_loops_ring,
          ebering_ecumenical_altar_abandoned
D:2:      layout_loops_cross, st_stairs_2, grunt_ministairs_7,
          minmay_pentomino_x4
D:3:      layout_loops_ring
D:4:      layout_loops_cross, minmay_misc_feat_iff, kennysheep_generic_room_6

Skill      XL: |  1  2  3  4  5 |
---------------+----------------+-----
Ranged Weapons | 1 2 3 5 |  5.7
Fighting       | 2 |  2.2
Armour         | |  2.0
Dodging        | |  1.1
Stealth        | |  1.0
Spellcasting   | |  0.2
Evocations     | |  3.0

Action                   |  1- 3 |  4- 6 || total
-------------------------+-------+-------++-------
Melee: Club              |     2 |       ||     2
       Sling             |       |     1 ||     1
 Fire: Sling             |    79 |   150 ||   229
Evoke: Wand              |       |     7 ||     7
  Use: Potion            |       |     3 ||     3
Armor: Leather armour    |    21 |     5 ||    26
       Ring mail         |       |    37 ||    37
Dodge: Dodged            |    29 |    48 ||    77
